2946 views
Uploaded 2020-04-18 02:47:34
Game version 1.32.3
24:16 long 1on1 ladder game on (2)TerenasStand_LV
Saved by BEARAND
2946 views
Uploaded 2020-04-18 02:47:34
Game version 1.32.3
24:16 long 1on1 ladder game on (2)TerenasStand_LV

/ 1k
24 buildings @ 3.1k
/ 1.4k


| Peasant | 15 | 1125 | / | 0 |
| Footman | 5 | 675 | / | 0 |
| Rifleman | 5 | 1025 | / | 150 |
| Priest | 6 | 810 | / | 60 |
| Gryphon Rider | 5 | 1400 | / | 350 |
| Goblin Shredder | 1 | 375 | / | 100 |
| Goblin Sapper | 3 | 645 | / | 300 |
| Forest Troll Shadow Priest | 1 | 195 | / | 10 |
| total: | 41 | 6250g | / | 970w |
| Altar of Kings | 1 | 180 | / | 50 |
| Barracks | 1 | 160 | / | 60 |
| Farm | 14 | 1120 | / | 280 |
| Blacksmith | 1 | 140 | / | 60 |
| Lumber Mill | 1 | 120 | / | 0 |
| Town Hall | 2 | 770 | / | 410 |
| Arcane Sanctum | 1 | 150 | / | 140 |
| Gryphon Aviary | 3 | 420 | / | 450 |
| Keep | 1 | 320 | / | 210 |
| Castle | 1 | 360 | / | 210 |
| total: | 24 | 3060g | / | 1450w |
| 0:09 | Peasant |
| 0:10 | Peasant |
| 0:15 | Peasant |
| 0:30 | Altar of Kings |
| 0:36 | Peasant |
| 0:42 | Barracks |
| 0:47 | Peasant |
| 0:52 | Farm |
| 1:25 | Peasant |
| 1:30 | Farm |
| 1:42 | Peasant |
| 2:01 | Footman |
| 2:03 | Farm |
| 2:09 | Footman |
| 2:24 | Farm |
| 2:32 | Footman |
| 2:45 | Blacksmith |
| 2:51 | Peasant |
| 2:53 | Peasant |
| 2:55 | Footman |
| 3:01 | Farm |
| 3:09 | Summon Water Elemental |
| 3:28 | Footman |
| 3:39 | Keep |
| 4:22 | Rifleman |
| 4:23 | Rifleman |
| 4:29 | Farm |
| 4:36 | Blizzard |
| 4:46 | Forest Troll Shadow Priest |
| 5:37 | Rifleman |
| 5:47 | Lumber Mill |
| 5:53 | Rifleman |
| 5:57 | Farm |
| 6:04 | Arcane Sanctum |
| 6:40 | Rifleman |
| 7:15 | Priest |
| 7:15 | Priest |
| 7:21 | Storm Bolt |
| 7:54 | Summon Water Elemental |
| 8:09 | Town Hall |
| 8:46 | Farm |
| 10:26 | Peasant |
| 10:33 | Peasant |
| 10:33 | Peasant |
| 11:38 | Priest |
| 11:38 | Priest |
| 11:38 | Priest |
| 11:39 | Priest |
| 11:43 | Castle |
| 11:46 | Improved Lumber Harvesting |
| 11:55 | Farm |
| 12:01 | Peasant |
| 12:44 | Studded Leather Armor |
| 12:46 | Iron Forged Swords |
| 12:53 | Farm |
| 13:28 | Gryphon Aviary |
| 13:30 | Gryphon Aviary |
| 13:33 | Gryphon Aviary |
| 13:44 | Priest Adept Training |
| 14:12 | Farm |
| 14:16 | Reinforced Leather Armor |
| 14:43 | Thunder Clap |
| 16:23 | Priest Master Training |
| 16:27 | Gryphon Rider |
| 16:34 | Dragonhide Armor |
| 16:35 | Steel Forged Swords |
| 17:04 | Goblin Shredder |
| 17:19 | Gryphon Rider |
| 18:25 | Blizzard |
| 18:37 | Gryphon Rider |
| 18:45 | Storm Bolt |
| 19:17 | Town Hall |
| 19:32 | Goblin Sapper |
| 19:32 | Goblin Sapper |
| 19:32 | Goblin Sapper |
| 19:53 | Farm |
| 20:00 | Farm |
| 20:03 | Storm Hammers |
| 20:35 | Gryphon Rider |
| 20:43 | Farm |
| 21:04 | Peasant |
| 21:05 | Peasant |
| 22:05 | Gryphon Rider |
| 22:15 | Mithril Forged Swords |
| Right click | 425 |
| Select | 305 |
| Build/train/purchase | 77 |
| Misc. action | 43 |
| Chat | 21 |
| Select group | 17 |
| Assign group | 16 |
| Use ability | 13 |
| Esc | 1 |
24 units @ 3k
/ 0.3k
90 buildings @ 4.9k
/ 2.7k



| Scroll of Regeneration | 2 | 200 |
| Potion of Healing | 4 | 600 |
| Staff of Sanctuary | 3 | 750 |
| Orb of Fire | 2 | 650 |
| Boots of Speed | 3 | 750 |
| Staff of Teleportation | 4 | 600 |
| total: | 18 | 3550g |
| Peasant | 15 | 1125 | / | 0 |
| Priest | 1 | 135 | / | 10 |
| Dragonhawk Rider | 7 | 1400 | / | 210 |
| Goblin Shredder | 1 | 375 | / | 100 |
| total: | 24 | 3035g | / | 320w |
| Scout Tower | 71 | 2130 | / | 1420 |
| Arcane Tower | 2 | 140 | / | 100 |
| Guard Tower | 50 | 3500 | / | 2500 |
| Altar of Kings | 1 | 180 | / | 50 |
| Farm | 7 | 560 | / | 140 |
| Lumber Mill | 1 | 120 | / | 0 |
| Arcane Vault | 2 | 260 | / | 60 |
| Town Hall | 2 | 770 | / | 410 |
| Blacksmith | 2 | 280 | / | 120 |
| Barracks | 1 | 160 | / | 60 |
| Arcane Sanctum | 1 | 150 | / | 140 |
| Gryphon Aviary | 2 | 280 | / | 300 |
| Keep | 1 | 320 | / | 210 |
| Castle | 1 | 360 | / | 210 |
| total: | 90 | 4890g | / | 2700w |
| 0:02 | Peasant |
| 0:02 | Peasant |
| 0:03 | Peasant |
| 0:03 | Peasant |
| 0:09 | Altar of Kings |
| 0:18 | Farm |
| 0:21 | Peasant |
| 0:36 | Lumber Mill |
| 0:38 | Scout Tower |
| 0:56 | Peasant |
| 1:20 | Farm |
| 1:23 | Arcane Vault |
| 1:24 | Peasant |
| 1:26 | Peasant |
| 1:32 | Scout Tower |
| 1:36 | Arcane Tower |
| 1:42 | Peasant |
| 1:48 | Peasant |
| 2:02 | Scout Tower |
| 2:08 | Scout Tower |
| 2:12 | Blizzard |
| 2:19 | Peasant |
| 2:19 | Peasant |
| 2:22 | Scout Tower |
| 3:01 | Peasant |
| 3:02 | Peasant |
| 3:04 | Brilliance Aura |
| 3:07 | Guard Tower |
| 3:20 | Improved Masonry |
| 3:23 | Guard Tower |
| 3:24 | Scout Tower |
| 3:25 | Scout Tower |
| 3:32 | Scroll of Regeneration |
| 3:38 | Peasant |
| 4:16 | Town Hall |
| 4:19 | Scout Tower |
| 4:20 | Scout Tower |
| 4:20 | Scout Tower |
| 4:21 | Scout Tower |
| 4:54 | Arcane Tower |
| 4:54 | Guard Tower |
| 5:01 | Boots of Speed |
| 5:01 | Staff of Teleportation |
| 5:12 | Scout Tower |
| 5:13 | Scout Tower |
| 5:17 | Guard Tower |
| 5:17 | Guard Tower |
| 5:26 | Guard Tower |
| 5:27 | Guard Tower |
| 5:43 | Blizzard |
| 5:46 | Guard Tower |
| 5:46 | Guard Tower |
| 5:48 | Scout Tower |
| 5:49 | Scout Tower |
| 6:20 | Keep |
| 6:27 | Guard Tower |
| 6:36 | Guard Tower |
| 7:10 | Farm |
| 7:11 | Farm |
| 7:19 | Scout Tower |
| 7:19 | Scout Tower |
| 7:20 | Scout Tower |
| 7:20 | Scout Tower |
| 7:20 | Scout Tower |
| 7:21 | Scout Tower |
| 8:19 | Guard Tower |
| 8:30 | Arcane Vault |
| 8:33 | Goblin Shredder |
| 9:06 | Potion of Healing |
| 9:21 | Guard Tower |
| 9:23 | Improved Lumber Harvesting |
| 9:34 | Scout Tower |
| 9:34 | Scout Tower |
| 9:54 | Arcane Sanctum |
| 9:59 | Storm Bolt |
| 9:59 | Potion of Healing |
| 10:05 | Guard Tower |
| 10:05 | Guard Tower |
| 10:06 | Guard Tower |
| 10:15 | Potion of Healing |
| 10:17 | Scout Tower |
| 10:18 | Scout Tower |
| 10:19 | Scout Tower |
| 10:19 | Scout Tower |
| 10:29 | Castle |
| 10:31 | Advanced Masonry |
| 10:31 | Advanced Lumber Harvesting |
| 10:41 | Boots of Speed |
| 10:42 | Staff of Teleportation |
| 11:18 | Brilliance Aura |
| 11:20 | Potion of Healing |
| 11:39 | Scroll of Regeneration |
| 11:45 | Guard Tower |
| 11:47 | Scout Tower |
| 11:48 | Scout Tower |
| 11:48 | Scout Tower |
| 11:48 | Scout Tower |
| 12:19 | Bash |
| 12:38 | Guard Tower |
| 12:39 | Scout Tower |
| 12:40 | Scout Tower |
| 12:40 | Scout Tower |
| 12:42 | Magic Sentry |
| 12:42 | Priest |
| 12:47 | Gryphon Aviary |
| 12:50 | Blacksmith |
| 12:54 | Barracks |
| 12:59 | Staff of Sanctuary |
| 13:04 | Orb of Fire |
| 13:04 | Staff of Sanctuary |
| 13:20 | Imbued Masonry |
| 13:29 | Scout Tower |
| 13:30 | Scout Tower |
| 13:30 | Scout Tower |
| 13:31 | Scout Tower |
| 13:31 | Scout Tower |
| 13:32 | Scout Tower |
| 13:32 | Scout Tower |
| 13:33 | Scout Tower |
| 13:33 | Scout Tower |
| 13:34 | Scout Tower |
| 13:45 | Guard Tower |
| 13:46 | Guard Tower |
| 13:46 | Guard Tower |
| 13:51 | Gryphon Aviary |
| 13:52 | Blacksmith |
| 13:55 | Holy Light |
| 14:02 | Boots of Speed |
| 14:02 | Staff of Teleportation |
| 14:13 | Staff of Teleportation |
| 15:08 | Guard Tower |
| 15:12 | Guard Tower |
| 16:17 | Scout Tower |
| 16:18 | Scout Tower |
| 16:18 | Scout Tower |
| 16:18 | Scout Tower |
| 16:24 | Farm |
| 16:26 | Scout Tower |
| 16:27 | Scout Tower |
| 16:27 | Scout Tower |
| 16:28 | Scout Tower |
| 16:33 | Orb of Fire |
| 16:33 | Staff of Sanctuary |
| 16:44 | Guard Tower |
| 17:12 | Guard Tower |
| 17:41 | Town Hall |
| 17:43 | Scout Tower |
| 17:44 | Scout Tower |
| 17:44 | Scout Tower |
| 17:45 | Scout Tower |
| 17:45 | Scout Tower |
| 17:46 | Scout Tower |
| 17:46 | Scout Tower |
| 17:47 | Scout Tower |
| 17:51 | Storm Bolt |
| 17:54 | Guard Tower |
| 17:55 | Guard Tower |
| 18:12 | Guard Tower |
| 18:14 | Dragonhawk Rider |
| 18:14 | Dragonhawk Rider |
| 18:27 | Divine Shield |
| 18:31 | Guard Tower |
| 18:46 | Animal War Training |
| 18:47 | Guard Tower |
| 18:48 | Scout Tower |
| 18:49 | Scout Tower |
| 18:49 | Scout Tower |
| 18:50 | Scout Tower |
| 18:50 | Scout Tower |
| 19:15 | Dragonhawk Rider |
| 19:15 | Dragonhawk Rider |
| 19:21 | Scout Tower |
| 19:22 | Scout Tower |
| 19:30 | Guard Tower |
| 19:30 | Guard Tower |
| 20:01 | Blizzard |
| 20:13 | Dragonhawk Rider |
| 20:16 | Farm |
| 20:29 | Guard Tower |
| 20:30 | Guard Tower |
| 20:36 | Farm |
| 21:01 | Guard Tower |
| 21:01 | Guard Tower |
| 21:02 | Guard Tower |
| 21:06 | Guard Tower |
| 21:07 | Scout Tower |
| 21:08 | Scout Tower |
| 21:08 | Scout Tower |
| 21:09 | Scout Tower |
| 21:44 | Guard Tower |
| 21:52 | Dragonhawk Rider |
| 21:55 | Guard Tower |
| 22:07 | Guard Tower |
| 22:10 | Studded Leather Armor |
| 22:13 | Iron Forged Swords |
| 24:32 | Holy Light |
| 24:35 | Bash |
| 24:54 | Dragonhawk Rider |
| Right click | 1645 |
| Select | 555 |
| Select group | 369 |
| Build/train/purchase | 167 |
| Chat | 142 |
| Use ability | 77 |
| Assign group | 20 |
| Misc. action | 20 |
| Item give/drop | 9 |
| Remove unit | 3 |
โ